 Dungeon Sprint DCSS version 0.19-a0-895-gdbd5520 (webtiles) character file.

6461 LORDOFBUTT the Fighter (level 10, -5/104 HPs)
             Began as a Minotaur Fighter on July 4, 2016.
             Was an Initiate of Gozag.
             Slain by Sonja
             ... wielding a +0 dagger of distortion
              (6 damage)
             ... in the Dungeon (Sprint IX: "|||||||||||||||||||||||||||||").
             The game lasted 00:04:01 (1352 turns).

LORDOFBUTT the Fighter (Minotaur Fighter)           Turns: 1352, Time: 00:04:01

Health: -5/104     AC: 18    Str: 27    XL:     10   Next: 68%
Magic:  9/9        EV: 16    Int:  5    God:    Gozag
Gold:   476        SH:  0    Dex: 13    Spells: 0 memorised, 9 levels left

rFire  . . .     SeeInvis .     p - +2 dire flail (protect)
rCold  . . .     Gourm    .     b - +0 scale mail
rNeg   . . .     Faith    .     (shield currently unavailable)
rPois  .         Spirit   .     (helmet restricted)
rElec  .         Dismiss  .     (no cloak)
rCorr  .         Reflect  .     r - +0 pair of gloves
SustAt .         Harm     .     y - +0 pair of boots
MR     .....     NoTele   +     (no amulet)
Stlth  +.........               q - +3 ring of strength
                                c - +3 ring of strength

@: lethally poisoned (-5 -> -17), very slightly contaminated, slowed, very slow,
not resistant to hostile enchantments, very unstealthy
A: retaliatory headbutt, horns 2
a: Potion Petition, Call Merchant, Bribe Branch, Renounce Religion


You were in the Dungeon.
You worshipped Gozag.
Gozag was noncommittal.
You were not hungry.

You visited 1 branch You collected 476 gold pieces.

Inventory:

Hand Weapons
 a - a +0 flail
 p - a +2 dire flail of protection (weapon)
Armour
 b - a +0 scale mail (worn)
 r - a +0 pair of gloves (worn)
 s - a +0 shield
 y - a +0 pair of boots (worn)
Jewellery
 c - a +3 ring of strength (left hand)
 q - a +3 ring of strength (right hand)
 v - a +4 amulet of reflection
Wands
 o - a wand of acid (7/15)
Scrolls
 e - a scroll of enchant weapon
 j - a scroll of identify
 k - a scroll of blinking
 m - 3 scrolls of remove curse
 n - 2 scrolls of amnesia
 t - a scroll of recharging
 u - 3 scrolls of fear
Potions
 d - 3 potions of might
 g - 2 potions of heal wounds
 h - 2 potions of haste
 i - 4 potions of magic
 l - 4 potions of curing
Comestibles
 f - 13 meat rations
 w - 40 fruits
 x - 12 bread rations


   Skills:
 + Level 14.7 Fighting
 + Level 14.2 Maces & Flails
 + Level 14.1 Armour
 + Level 10.5 Dodging
 + Level 6.0 Stealth
 + Level 12.1 Shields


You had 9 spell levels left.
You didn't know any spells.

Dungeon Overview and Level Annotations

Branches:
Dungeon (1/1)

Altars:
Cheibriados
Dithmenos
Elyvilon
Fedhas
Gozag
Hepliaklqana
Kikubaaqudgha
Makhleb
Nemelex Xobeh
Okawaru
Pakellas
Qazlal
Ru
Sif Muna
Trog
Uskayaw
Vehumet
Xom
Yredelemnul
Zin
The Shining One
Beogh
Jiyva
Lugonu

Annotations:
D Sonja


Innate Abilities, Weirdness & Mutations

You reflexively headbutt those who attack you in melee.
You have a pair of horns on your head.


Message History

* * * LOW HITPOINT WARNING * * *
Sonja hits you but does no damage. Space bends around you.
* * * LOW HITPOINT WARNING * * *
Sonja hits you but does no damage. Space bends around you.
* * * LOW HITPOINT WARNING * * *
Sonja hits you but does no damage. Space bends around you.
* * * LOW HITPOINT WARNING * * *
Sonja closely misses you. Sonja hits you but does no damage.
Sonja bows elegantly.
Sonja hits you but does no damage. Space bends around you.
* * * LOW HITPOINT WARNING * * *
Sonja hits you with an uncursed dagger of distortion.
* * * LOW HITPOINT WARNING * * *
Space bends around you.
* * * LOW HITPOINT WARNING * * *
Sonja hits you with an uncursed dagger of distortion.
* * * LOW HITPOINT WARNING * * *
Space bends around you.
You die...
Your body crumbles into a pile of gold.

▓▓▓▓▓▓▓▓▓
▓<▓...▓..
▓.▓.▓.▓.▓
▓.▓.▓.▓.▓
▓.▓.▓.▓.▓
▓†▓.▓.▓.▓
▓.▓.▓.▓K▓
▓.▓.▓.▓@▓
▓.▓.▓'▓.▓
▓.▓.▓.▓§▓
▓.▓.▓.▓.▓
▓'▓.▓.▓.▓
▓.▓.▓.▓.▓
▓.▓.▓.▓.▓
▓.▓.▓)▓.▓
▓.▓.▓.▓.▓$


You could see Sonja.

Vanquished Creatures
  A centaur warrior (D)
  An oklob plant (D)
  A black mamba (D)
  Psyche (D)
  A spiny frog (D)
  A komodo dragon (D)
  5 polar bears (D)
  A slime creature (D)
  A wyvern (D)
  A yak (D)
  Grum (D)
  Eustachio (D)
  A basilisk (D)
  4 hippogriffs (D)
  A mottled dragon (D)
  3 porcupines (D)
  An orc warrior (D)
  3 black bears (D)
  5 wolves (D)
  An eye of draining (D)
  4 crocodiles (D)
  3 giant frogs (D)
  A howler monkey (D)
  An iguana (D)
  2 adders (D)
  A river rat (D)
  A giant gecko (D)
  A bat (D)
  A bat skeleton (D)
  A bat zombie (D)
  2 giant cockroaches (D)
  A quokka (D)
  A rat (D)
55 creatures vanquished.

Vanquished Creatures (others)
  A spatial maelstrom (D)
1 creature vanquished.

Grand Total: 56 creatures vanquished

Notes
Turn   | Place    | Note
-------+----------+-------------------------------------------
     0 | D        | LORDOFBUTT the Minotaur Fighter began the quest for the Orb.
     0 | D        | Reached XP level 1. HP: 19/19 MP: 0/0
     4 | D        | Banished a spatial maelstrom
    27 | D        | Noticed an iguana
    31 | D        | Reached skill level 5 in Shields
    31 | D        | Reached XP level 2. HP: 23/28 MP: 1/1
    44 | D        | Reached skill level 5 in Fighting
    44 | D        | Reached skill level 5 in Armour
    44 | D        | Reached XP level 3. HP: 36/36 MP: 2/2
   151 | D        | Found a glowing silver altar of Zin.
   151 | D        | Found a glowing golden altar of the Shining One.
   151 | D        | Found an ancient bone altar of Kikubaaqudgha.
   151 | D        | Found a basalt altar of Yredelemnul.
   151 | D        | Found a shimmering altar of Xom.
   151 | D        | Found a radiant altar of Vehumet.
   152 | D        | Found an iron altar of Okawaru.
   153 | D        | Found a burning altar of Makhleb.
   154 | D        | Found a deep blue altar of Sif Muna.
   155 | D        | Found a bloodstained altar of Trog.
   156 | D        | Found a sparkling altar of Nemelex Xobeh.
   157 | D        | Found a white marble altar of Elyvilon.
   158 | D        | Found a roughly hewn altar of Beogh.
   159 | D        | Found a viscous altar of Jiyva.
   160 | D        | Found a corrupted altar of Lugonu.
   161 | D        | Found a blossoming altar of Fedhas.
   162 | D        | Found a snail-covered altar of Cheibriados.
   163 | D        | Found a shadowy altar of Dithmenos.
   164 | D        | Found a stormy altar of Qazlal.
   165 | D        | Found an opulent altar of Gozag.
   166 | D        | Found a sacrificial altar of Ru.
   167 | D        | Found an oddly glowing altar of Pakellas.
   168 | D        | Found a hide-covered altar of Uskayaw.
   169 | D        | Found a hazy altar of Hepliaklqana.
   175 | D        | Became a worshipper of Gozag Ym Sagoz the Greedy
   227 | D        | Noticed a hippogriff
   227 | D        | Noticed a komodo dragon
   227 | D        | Noticed a wyvern
   227 | D        | Noticed a giant frog
   232 | D        | Killed a hippogriff
   232 | D        | Reached skill level 5 in Maces & Flails
   232 | D        | Reached XP level 4. HP: 47/47 MP: 3/3
   232 | D        | Reached XP level 5. HP: 52/52 MP: 4/4
   239 | D        | Killed a komodo dragon
   239 | D        | Reached XP level 6. HP: 66/66 MP: 5/5
   243 | D        | Killed a wyvern
   243 | D        | Reached skill level 10 in Fighting
   243 | D        | Reached skill level 10 in Armour
   243 | D        | Reached skill level 10 in Shields
   243 | D        | Reached XP level 7. HP: 64/72 MP: 6/6
   388 | D        | Noticed a slime creature
   388 | D        | Noticed a centaur warrior
   388 | D        | Noticed a yak
   394 | D        | Killed a slime creature
   394 | D        | Reached skill level 5 in Dodging
   402 | D        | Killed a centaur warrior
   402 | D        | Reached skill level 1 in Stealth
   402 | D        | Reached XP level 8. HP: 49/83 MP: 0/7
   593 | D        | Reached skill level 10 in Maces & Flails
   593 | D        | Reached XP level 9. HP: 72/91 MP: 8/8
   781 | D        | Noticed an oklob plant
   781 | D        | Noticed a black mamba
   808 | D        | Noticed a spiny frog
   817 | D        | Killed an oklob plant
   831 | D        | Killed a black mamba
   836 | D        | Reached XP level 10. HP: 33/102 MP: 9/9
   840 | D        | Killed a spiny frog
  1179 | D        | Reached skill level 10 in Dodging
  1179 | D        | Reached skill level 5 in Stealth
  1264 | D        | Noticed Grum
  1272 | D        | Killed Grum
  1292 | D        | Noticed Eustachio
  1303 | D        | Killed Eustachio
  1317 | D        | Noticed Psyche
  1323 | D        | Killed Psyche
  1342 | D        | Noticed Sonja
  1352 | D        | HP: 4/104 [Sonja/uncursed dagger of distortion (5)]
  1352 | D        | HP: 1/104 [Sonja/uncursed dagger of distortion (3)]
  1352 | D        | Slain by Sonja

Vault maps used:
D:        linesprint

Skill      XL: |  1  2  3  4  5  6  7  8  9 10 |
---------------+-------------------------------+-----
Fighting       | 4 5 7 9 10 12 13 14 | 14.7
Shields        | 5 6 8 9 10 11 12 | 12.1
Armour         | 4 5 7 9 10 12 13 14 | 14.1
Maces & Flails | 3 5 6 7 9 10 12 14 | 14.2
Dodging        | 2 4 6 9 10 | 10.5
Stealth        | 1 3 6 |  6.0

Action                   |  1- 3 |  4- 6 |  7- 9 | 10-12 || total
-------------------------+-------+-------+-------+-------++-------
Melee: Flail             |    32 |       |       |       ||    32
       Headbutt          |     7 |     2 |    32 |    21 ||    62
       Dire flail        |     4 |     9 |   111 |    67 ||   191
  Use: Potion            |     3 |       |     4 |     1 ||     8
       Scroll            |       |       |       |     1 ||     1
 Stab: Distracted        |       |       |     1 |     2 ||     3
       Invisible         |       |       |     6 |       ||     6
  Eat: Bread ration      |       |       |     1 |       ||     1
Armor: Scale mail        |    20 |       |    27 |    34 ||    81
Dodge: Dodged            |    11 |     2 |    37 |    53 ||   103
Block: Shield            |    14 |       |       |       ||    14
